General information
- name: grudge02
- type: Custom game
- host: FINeX
- saver: FINeX
map: TwistedMeadows
- players: 8
- length: 44:25
- speed: Fast
- version: 1.21 W3XP
- replay type: Public
» download(140 KB)
Players
team 1 (winner)
Dexanth (
gray | 92 APM | 4083 actions | 44:16)
6 Blademaster
3 Wind Walk
2 Critical Strike
1 Bladestorm
6 Shadow Hunter
2 Hex
3 Healing Wave
1 Big Bad Voodoo
5 Tauren Chieftain
3 Endurance Aura
2 War Stomp
» actions
| Assign group hotkey | 48 | |
| Basic commands | 57 | |
| Build / train | 123 | |
| Enter build submenu | 50 | |
| Enter hero's abilities submenu | 17 | |
| Give item / drop item | 10 | |
| Remove unit from queue | 3 | |
| Right click | 1898 | |
| Select / deselect | 708 | |
| Select group hotkey | 887 | |
| Use ability | 281 | |
4083 total
» units
| Peon | 18 | |
| Grunt | 7 | |
| Raider | 7 | |
| Spirit Walker | 4 | |
| Wind Rider | 2 | |
| Troll Witch Doctor | 2 | |
| Shaman | 1 | |
| Goblin Zeppelin | 5 | |
| Goblin Shredder | 1 | |
| Demolisher | 5 | |
52 total
» upgrades
| Berserker Strength | 1 | |
| Ensnare | 1 | |
| Melee Weapons | 3 | |
| Spirit Walker Training | 2 | |
| Armor | 2 | |
| Pillage | 1 | |
| Spiked Barricades | 1 | |
| Witch Doctor Training | 2 | |
| Shaman Training | 2 | |
| Burning Oil | 1 | |
| Ranged Weapons | 3 | |
| Envenomed Spears | 1 | |
20 total
» buildings
| Altar of Storms | 2 | |
| Orc Burrow | 6 | |
| Barracks | 1 | |
| Voodoo Lounge | 2 | |
| Stronghold | 2 | |
| War Mill | 2 | |
| Beastiary | 4 | |
| Fortress | 1 | |
| Spirit Lodge | 2 | |
| Great Hall | 6 | |
| Watch Tower | 22 | |
| Tauren Totem | 2 | |
52 total
» build order
00:06 Altar of Storms
00:11 Altar of Storms
00:19 Orc Burrow
00:35 Barracks
01:23 Voodoo Lounge
01:51 Orc Burrow
03:18 Stronghold
03:18 Stronghold
05:02 War Mill
05:50 Orc Burrow
06:34 Beastiary
07:21 Fortress
08:59 Orc Burrow
10:05 Spirit Lodge
12:27 Great Hall
14:07 Orc Burrow
17:59 Great Hall
18:43 Great Hall
18:47 Watch Tower
18:47 Watch Tower
20:49 Watch Tower
28:33 Watch Tower
28:34 Watch Tower
28:35 Watch Tower
32:15 Great Hall
32:21 War Mill
32:23 Watch Tower
32:23 Watch Tower
32:24 Watch Tower
32:25 Watch Tower
32:28 Watch Tower
32:35 Watch Tower
33:27 Watch Tower
33:38 Orc Burrow
40:50 Great Hall
40:51 Watch Tower
40:52 Watch Tower
40:52 Watch Tower
40:53 Watch Tower
40:53 Watch Tower
40:54 Watch Tower
40:54 Watch Tower
40:57 Great Hall
42:15 Watch Tower
43:31 Beastiary
43:33 Beastiary
43:34 Beastiary
44:02 Voodoo Lounge
44:05 Tauren Totem
44:06 Tauren Totem
44:10 Spirit Lodge
» items
| Healing Salve | 6 | |
| Lesser Clarity Potion | 6 | |
| Scroll of Speed | 1 | |
| Boots of Speed | 2 | |
| Staff of Teleportation | 1 | |
| Scroll of Town Portal | 4 | |
| Periapt of Vitality | 1 | |
| Orb of Lightning | 2 | |
| Potion of Lesser Invulnerability | 1 | |
24 total
team 2 (loser)
OMGGOONRUSH (
red | 54 APM | 2412 actions | 44:15)
5 Mountain King
3 Storm Bolt
2 Bash
» actions
| Assign group hotkey | 102 | |
| Basic commands | 34 | |
| Build / train | 128 | |
| ESC pressed | 7 | |
| Enter build submenu | 48 | |
| Enter hero's abilities submenu | 5 | |
| Give item / drop item | 4 | |
| Remove unit from queue | 15 | |
| Right click | 1015 | |
| Select / deselect | 699 | |
| Select group hotkey | 125 | |
| Use ability | 229 | |
2412 total
» units
| Peasant | 19 | |
| Footman | 7 | |
| Goblin Shredder | 2 | |
| Mortar Team | 14 | |
| Sorceress | 4 | |
| Priest | 3 | |
| Gryphon Rider | 4 | |
53 total
» upgrades
| Masonry | 2 | |
| Magic Sentry | 1 | |
| Fragmentation Shards | 1 | |
| Sorceress Training | 2 | |
| Flare | 1 | |
| Gunpowder | 1 | |
| Animal War Training | 1 | |
| Swords | 1 | |
| Armor | 1 | |
| Priest Training | 1 | |
12 total
» buildings
| Altar of Kings | 3 | |
| Farm | 12 | |
| Barracks | 1 | |
| Scout Tower | 51 | |
| Arcane Vault | 2 | |
| Arcane Tower | 5 | |
| Lumber Mill | 3 | |
| Keep | 3 | |
| Blacksmith | 1 | |
| Arcane Sanctum | 2 | |
| Town Hall | 3 | |
| Guard Tower | 12 | |
| Castle | 1 | |
| Workshop | 2 | |
| Gryphon Aviary | 4 | |
105 total
» build order
00:09 Altar of Kings
00:18 Farm
00:42 Barracks
01:14 Farm
01:38 Scout Tower
01:55 Arcane Vault
02:31 Arcane Tower
03:16 Scout Tower
03:47 Farm
03:51 Arcane Tower
04:06 Lumber Mill
04:10 Lumber Mill
04:57 Scout Tower
06:08 Arcane Tower
07:11 Keep
10:00 Blacksmith
10:03 Arcane Sanctum
10:14 Town Hall
10:32 Arcane Tower
10:33 Guard Tower
10:36 Scout Tower
10:37 Scout Tower
10:37 Scout Tower
10:38 Scout Tower
10:39 Scout Tower
10:40 Scout Tower
10:40 Scout Tower
10:41 Scout Tower
10:50 Castle
11:08 Guard Tower
11:10 Guard Tower
11:35 Workshop
11:58 Guard Tower
13:05 Scout Tower
13:08 Scout Tower
13:12 Scout Tower
13:39 Guard Tower
14:14 Guard Tower
14:52 Farm
15:40 Farm
19:19 Gryphon Aviary
19:22 Gryphon Aviary
21:51 Gryphon Aviary
21:54 Gryphon Aviary
22:15 Workshop
22:20 Arcane Sanctum
24:27 Farm
24:28 Farm
24:30 Farm
24:32 Farm
24:33 Farm
24:58 Arcane Vault
26:55 Farm
27:01 Keep
27:09 Farm
29:55 Town Hall
29:59 Scout Tower
29:59 Scout Tower
29:59 Scout Tower
30:01 Scout Tower
30:01 Scout Tower
30:02 Scout Tower
30:33 Arcane Tower
30:40 Lumber Mill
30:48 Scout Tower
30:51 Scout Tower
30:52 Scout Tower
30:53 Scout Tower
31:42 Scout Tower
31:54 Guard Tower
32:15 Guard Tower
32:16 Guard Tower
32:20 Scout Tower
32:20 Scout Tower
32:21 Scout Tower
32:22 Scout Tower
32:41 Altar of Kings
33:44 Guard Tower
36:35 Town Hall
36:41 Scout Tower
36:41 Scout Tower
36:41 Scout Tower
36:42 Scout Tower
36:43 Scout Tower
36:46 Scout Tower
36:46 Scout Tower
36:47 Scout Tower
36:47 Scout Tower
36:48 Scout Tower
36:49 Scout Tower
36:49 Scout Tower
36:50 Scout Tower
36:50 Scout Tower
36:51 Scout Tower
36:52 Scout Tower
38:08 Keep
38:11 Scout Tower
38:12 Scout Tower
38:12 Scout Tower
38:14 Scout Tower
38:14 Scout Tower
38:15 Scout Tower
40:50 Guard Tower
41:09 Altar of Kings
41:15 Guard Tower
» items
| Lesser Clarity Potion | 1 | |
| Scroll of Regeneration | 5 | |
| Scroll of Town Portal | 6 | |
| Ivory Tower | 3 | |
| Potion of Healing | 2 | |
| Potion of Mana | 2 | |
| Staff of Teleportation | 1 | |
| Boots of Speed | 1 | |
21 total
refereesFINeX,
Erz,
HERNaNDO,
GOKUMaN69,
BO_SCHEMBECHLER,
dillabeats Chat log
(00:03 / All) HERNaNDO: GL HF
(00:10 / Referees) dillabeats: who is the better player
(00:16 / All) Dexanth: GL HF Manner up etc
(00:30 / Referees) HERNaNDO: DILLABEETZ
(00:31 / All) Dexanth: This game brought to you by Tourney Magnetic Wolf, buy Geil Products
(00:34 / Referees) dillabeats: hi wazap
(01:21 / Referees) Erz: i have geil ram
(01:29 / Referees) FINeX: kingston here motherfaggot
(01:29 / Referees) HERNaNDO: Geil.Nonent
(01:41 / Referees) HERNaNDO: dunno my brand name BO BO BO REPPPP
(02:15 / Referees) Erz: mountain kingu
(02:23 / Referees) GOKUMaN69: ERZ MY DICK
(02:32 / Referees) HERNaNDO: goonrush keeps having a wideopen back
(03:08 / Referees) dillabeats: heheheh
(04:33 / Referees) HERNaNDO: john he did the same thing with undead
(04:45 / Referees) GOKUMaN69: what?
(04:49 / Referees) GOKUMaN69: suck?
(04:54 / Referees) HERNaNDO: totally open back of base
(06:18 / Referees) HERNaNDO: TOJARA BaLLiN
(06:38 / Referees) dillabeats: hes so fast
(06:53 / Referees) HERNaNDO: ;-)
(11:55 / Referees) dillabeats: 666 here comes da murda mob
(12:02 / Referees) HERNaNDO: lol
(12:25 / Referees) Erz: needs to towa main
(12:25 / All) HERNaNDO: dOdGiN
(15:46 / Referees) HERNaNDO: WELP
(16:26 / Referees) HERNaNDO: jesus christ
(16:28 / Referees) dillabeats: wut a nub
(16:31 / Referees) Erz: damn
(16:40 / Referees) Erz: maybe waiting for tc to take it
(16:49 / Referees) HERNaNDO: oop
(17:03 / Referees) dillabeats: heh cya
(17:06 / Referees) HERNaNDO: i shouldnt doubt da dex
(18:03 / Referees) dillabeats: who is the best war3 player here
(18:07 / Referees) HERNaNDO: erz
(18:09 / All) GOKUMaN69: me
(18:10 / Referees) HERNaNDO: or bo
(18:19 / Referees) dillabeats: will you take me under your wing
(18:24 / Referees) Erz: im prob shitty now
(18:41 / Referees) Erz: lol
(18:47 / Referees) HERNaNDO: lol thjat was sick
(19:33 / Referees) dillabeats: kill tht sheep
(19:36 / Referees) Erz: goonrush should just go 100 food gryphs while he has mass gold adv
(20:23 / Referees) HERNaNDO: he etherealed the walkers at 2 hp
(20:30 / Referees) dillabeats: murda mob squad
(21:38 / Referees) dillabeats: what can he do now?
(21:40 / Referees) dillabeats: sit there
(21:43 / Referees) dillabeats: pick his nose
(21:43 / Referees) HERNaNDO: CRY 4 HELP
(21:45 / Referees) Erz: he could make
(21:46 / Referees) GOKUMaN69: say Gg
(21:49 / Referees) HERNaNDO: EHS SITTIN ON MAD GOLD THO
(21:53 / Referees) Erz: 8 aviaries at expo
(21:59 / Referees) HERNaNDO: lol
(22:00 / Referees) dillabeats: lol
(22:33 / Referees) dillabeats: 8)
(22:41 / Referees) HERNaNDO: (8
(23:11 / Referees) dillabeats: somebody should tell him
(23:14 / Referees) dillabeats: his things are dyin
(23:19 / Referees) HERNaNDO: lol
(23:24 / Referees) dillabeats: do somethin
(23:32 / Referees) Erz: he rly should make like 20 aviaries
(23:36 / Referees) HERNaNDO: look at dexanths lumber :p
(23:40 / Referees) Erz: any other unit will die in like 1sec
(23:58 / Referees) HERNaNDO: PIG
(24:09 / Referees) HERNaNDO: wonder if its his
(24:18 / Referees) HERNaNDO: PET PIG
(24:26 / Referees) dillabeats: dexanth should kill it
(26:36 / Referees) dillabeats: there is no future
(26:38 / Referees) dillabeats: only death
(26:42 / Referees) HERNaNDO: t_t
(27:17 / Referees) HERNaNDO: dRoP iT fRoM dA BaQ
(27:24 / Referees) HERNaNDO: ORNOT
(28:08 / Referees) Erz: woah
(28:15 / Referees) Erz: so rich he dont need the best potion
(28:26 / Referees) HERNaNDO: no more slots :p
(28:28 / Referees) Erz: tc left behind
(28:29 / Referees) HERNaNDO: yo
(28:29 / Referees) dillabeats: haha
(28:31 / Referees) dillabeats: cya guy
(28:32 / Referees) HERNaNDO: he should research backpack
(28:36 / Referees) HERNaNDO: and get a kodo
(28:39 / Referees) HERNaNDO: to carry shit
(28:42 / Referees) HERNaNDO: would be kewl
(28:47 / Referees) HERNaNDO: kodogopherâ„¢
(29:01 / Referees) dillabeats: fuk this guy
(29:04 / Referees) HERNaNDO: lol
(29:10 / Referees) dillabeats: sooooooooooooo slick
(29:13 / Referees) dillabeats: we'll see
(29:36 / Referees) dillabeats: a duel
(29:43 / Referees) HERNaNDO: ESCAPE
(29:47 / Referees) FINeX: dillabeats u want in tourney????????????/
(29:58 / Referees) dillabeats: no i am kinda new at war3 bud
(30:08 / Referees) dillabeats: worse than this guy
(30:10 / Referees) HERNaNDO: kinda a dodger too m8.
(30:12 / Referees) dillabeats: for sure
(30:56 / All) FINeX: dex page me when this is over zzzzzzzzzzzzzzz
(31:00 / Referees) dillabeats: ill enter in the tourney if someone teaches me how to play
(31:04 / Referees) dillabeats: so i can beat goonrush
(31:13 / All) Dexanth: Its gonna end now
(33:20 / Referees) Erz: lol
(33:25 / Referees) Erz: ownd
(33:26 / Referees) HERNaNDO: oooooooooooooooooooooooooooooooo shit
(33:42 / Referees) Erz: human need zeps
(33:56 / Referees) HERNaNDO: haha wtf
(33:59 / Referees) HERNaNDO: what a retarded move
(34:11 / Referees) HERNaNDO: or mabe not it aggrod
(34:12 / Referees) HERNaNDO: w00t
(34:33 / All) HERNaNDO: goonrush that gryph harass was either brilliant or retarded
(35:58 / Referees) dillabeats: did i miss anythin cool
(36:10 / Referees) HERNaNDO: dunno when u left m8
(36:22 / Referees) dillabeats: when finex started talkin
(36:38 / Referees) HERNaNDO: ./...
(36:44 / Referees) HERNaNDO: u see the bm die
(36:45 / Referees) HERNaNDO: ?
(36:47 / Referees) dillabeats: newp
(36:53 / Referees) dillabeats: was it tite
(36:59 / Referees) HERNaNDO: he ran into the towers to kill a mort or somethin
(37:00 / Referees) HERNaNDO: ya man
(37:05 / Referees) HERNaNDO: and he got stunned
(37:09 / Referees) dillabeats: 8)
(37:10 / Referees) Erz: he shiould make alot of gryphs right now
(37:22 / All) GOKUMaN69: [8-)
(37:29 / Referees) HERNaNDO: he need a farm or 2 furst
(37:39 / Referees) Erz: like rly
(37:45 / Referees) Erz: make 50 aviariesi with ur 100k gold
(37:53 / Referees) Erz: what can orc do
(38:00 / Referees) HERNaNDO: have every inch of the map a aviary
(38:12 / Referees) Erz: do that then kill his units then his burrows what can he d0o
(38:15 / Referees) Erz: nothing!
(38:55 / All) Dexanth: zzZzz
(39:02 / All) FINeX: goonrush if you do not win in 15 minutes you are disqualified
(39:14 / All) HERNaNDO: not true imo
(39:22 / All) Dexanth: Doesnt matter
(39:22 / All) FINeX: o its true
(39:25 / All) Dexanth: He's gonna be out of expos soon
(41:02 / Referees) dillabeats: warcraft 3
(42:01 / Referees) HERNaNDO: lol
(42:07 / All) GOKUMaN69: AHHHHHHHH
(42:19 / Referees) Erz: so much fukkkkkkin gold
(42:27 / Referees) HERNaNDO: ricH$
(42:31 / Referees) Erz: how much does he need
(42:34 / Referees) Erz: before he makes unitz
(42:38 / Referees) HERNaNDO: hahaha
(42:43 / Referees) dillabeats: he is givin up
(42:48 / Referees) Erz: im tellin u
(42:53 / Referees) Erz: 1000000 food gryphs!!!!
(42:58 / Referees) Erz: and make a bm with banish
(43:04 / Referees) Erz: and stormbolt nigs
(43:07 / Referees) Erz: i bet he could win
(44:06 / All) OMGGOONRUSH: alright I forfeit
(44:09 / All) OMGGOONRUSH: gg
(44:11 / All) Dexanth: GG
(44:12 / All) HERNaNDO: GG